Map: Central Protocol

Players

MorN - Winner!

  • Race: Terran Terran
  • League: Diamond

Nasuka

  • Race: Protoss Protoss
  • League: Diamond

VOD

Have the link to the VOD?

Description

Time

  • Played on: Nov. 13, 2015, 10:23 p.m.
  • Length: 6:54
Show
View Real Time Build Order
Export as new Build Order

MorN Terran - Winner!

Build Orders: Command Center First (CC), MMM Bio 

Get SALT Encoding   

  12  0:00  SCV  
  13  0:13  SCV  
  14  0:17  Supply Depot  
  14  0:25  SCV  
  15  0:39  SCV  
  16  0:51  SCV  
  17  1:02  Command Center  
  17  1:06  SCV  
  18  1:16  Barracks  
  18  1:21  SCV  
  19  1:29  Barracks  
  19  1:34  SCV  
  20  1:46  SCV  
  22  2:04  Marine  
  22  2:09  Refinery  
  22  2:11  Barracks  
  22  2:13  Orbital Command  
  22  2:20  Orbital Command  
  22  2:22  Marine x2  
  23  2:28  Refinery  
  24  2:39  Marine  
  24  2:42  SCV  
  24  2:43  Bunker  
  26  2:48  Marine  
  27  2:57  SCV x2  
  27  2:58  Barracks Reactor  
  29  3:03  Marine  
  30  3:09  SCV x2, Barracks Tech Lab  
  32  3:14  Supply Depot  
  32  3:21  SCV  
  32  3:24  Marine  
  32  3:25  SCV, Factory  
  35  3:33  SCV  
  36  3:34  Stimpack  
  36  3:35  Marine x2  
  36  3:36  Marine  
  36  3:37  SCV  
  40  3:42  Supply Depot  
  40  3:52  Barracks Tech Lab  
  40  3:53  SCV  
  40  3:55  Refinery  
  41  3:56  SCV  
  42  4:05  SCV  
  42  4:07  Marine  
  42  4:08  Marine x2  
  42  4:09  SCV  
  47  4:12  Factory Reactor  
  47  4:13  Starport  
  47  4:17  SCV  
  47  4:21  SCV  
  47  4:23  Combat Shields  
  49  4:25  Marine  
  49  4:28  Engineering Bay  
  49  4:29  SCV  
  51  4:32  Supply Depot  
  51  4:33  SCV  
  51  4:38  Marauder  
  54  4:45  Supply Depot  
  54  4:53  Marine  
  54  4:54  SCV x2, Marauder  
  54  4:59  Medivac  
  61  5:03  Supply Depot  
  61  5:06  SCV x2, Medivac  
  65  5:07  Supply Depot  
  65  5:10  Marauder  
  67  5:16  Factory Reactor  
  67  5:18  SCV  
  67  5:20  Marine x2  
  70  5:26  Supply Depot  
  70  5:27  Supply Depot  
  70  5:28  Supply Depot, SCV  
  71  5:30  SCV  
  71  5:31  Supply Depot  
  71  5:32  Medivac  
  74  5:40  Marine x2  
  74  5:41  Marauder x2  
  80  5:49  SCV  
  81  5:54  SCV  
  81  5:55  Barracks x2  
  82  5:58  Supply Depot, Marine  
  82  5:59  Marine  
  76  6:13  Marine x2  
  76  6:16  Marine  
  76  6:24  Marine  
  77  6:31  Marauder, Marine  
Show
View Real Time Build Order
Export as new Build Order

Nasuka Protoss 

Build Orders: Double Forge, Nexus First 

Get SALT Encoding   

  12  0:01  Probe (Chrono Boost)  
  13  0:11  Probe (Chrono Boost)  
  14  0:23  Probe (Chrono Boost)  
  15  0:47  Nexus  
  15  0:53  Pylon  
  16  1:11  Gateway, Probe (Chrono Boost)  
  16  1:18  Assimilator  
  16  1:22  Probe (Chrono Boost)  
  17  1:32  Probe (Chrono Boost)  
  18  1:43  Probe (Chrono Boost)  
  19  1:50  Pylon  
  19  1:53  Probe (Chrono Boost)  
  20  2:01  Probe (Chrono Boost)  
  21  2:04  Cybernetics Core, Probe (Chrono Boost)  
  22  2:11  Probe (Chrono Boost)  
  22  2:14  Probe (Chrono Boost)  
  24  2:17  Assimilator  
  24  2:22  Probe (Chrono Boost)  
  25  2:25  Probe (Chrono Boost)  
  26  2:32  Probe (Chrono Boost)  
  26  2:35  Probe (Chrono Boost)  
  28  2:43  Probe (Chrono Boost)  
  29  2:46  Mothership Core (Chrono Boost)  
  29  2:49  Adept  
  33  2:53  Probe (Chrono Boost)  
  33  2:54  Warp Gate  
  34  3:04  Probe (Chrono Boost)  
  34  3:05  Probe (Chrono Boost)  
  36  3:14  Probe (Chrono Boost)  
  36  3:15  Probe (Chrono Boost), Pylon  
  36  3:17  Assimilator  
  38  3:20  Robotics Facility  
  38  3:21  Assimilator  
  38  3:25  Probe (Chrono Boost)  
  38  3:26  Probe (Chrono Boost)  
  40  3:36  Probe x2 (Chrono Boost)  
  42  3:46  Probe (Chrono Boost)  
  42  3:47  Probe (Chrono Boost)  
  42  3:57  Probe x2 (Chrono Boost), Gateway  
  42  4:01  Gateway  
  44  4:05  Forge  
  44  4:07  Forge  
  44  4:08  Observer  
  46  4:11  Robotics Bay  
  45  4:17  Probe (Chrono Boost)  
  45  4:18  Probe (Chrono Boost)  
  47  4:28  Probe (Chrono Boost)  
  47  4:30  Pylon  
  48  4:35  Observer  
  49  4:41  Protoss Ground Weapons Level 1 (Chrono Boost), Protoss Ground Armor Level 1 (Chrono Boost)  
  49  4:48  Probe x2  
  51  4:59  Disruptor  
  54  5:09  Sentry  
  54  5:10  Sentry, Nexus  
  54  5:11  Zealot, Pylon  
  60  5:14  Probe x2  
  62  5:22  Twilight Council  
  62  5:29  Probe x2  
  64  5:36  Zealot x3  
  70  5:44  Photon Cannon  
  70  5:47  Pylon  
  70  5:49  Pylon  
  70  6:04  Probe  
  70  6:05  Probe, Disruptor (Chrono Boost)  
  74  6:15  Stalker x3  
  74  6:16  Probe  
  74  6:17  Probe  
  68  6:25  Probe  
  54  6:28  Probe  
  54  6:30  Probe  
  48  6:35  Probe  
  48  6:39  Stalker x2  
  48  6:40  Stalker, Probe  
  48  6:42  Probe  
Tags
 
Add a new tag
Caveats
  • Supply blocks, unpowered buildings, or Contaminate may cause inaccurate times.
  • Supply counts are checked every 10 seconds.